 Dungeon Crawl Stone Soup version 0.29.1-12-g30fa7ad0bf (webtiles) character file.

Game seed: 10954038396158325201

672 sankara the Covered (level 7, -10/61 HPs)
             Began as a Minotaur Fighter on Jan 7, 2023.
             Was an Initiate of Gozag.
             Mangled by a wyvern (16 damage)
             ... on level 5 of the Dungeon.
             The game lasted 00:08:24 (4647 turns).

sankara the Covered (Minotaur Fighter)              Turns: 4647, Time: 00:08:25

Health: -10/61     AC:  8    Str: 27    XL:     7   Next: 32%
Magic:  6/6        EV:  9    Int:  5    God:    Gozag
Gold:   376        SH:  5    Dex: 11    Spells: 6/6 levels left

rFire   . . .      SeeInvis .     - Unarmed
rCold   + . .      Faith    .   c - +0 buckler
rNeg    . . .      Spirit   .   a - +0 scale mail
rPois   .          Reflect  .   (helmet restricted)
rElec   .          Harm     .   j - +0 cloak
rCorr   .          Rampage  .   (no gloves)
Will    .....                   (no boots)
Stlth   ..........              (no amulet)
HPRegen 0.20/turn               m - ring of protection from cold
MPRegen 0.10/turn               q - +6 ring of strength

@: no status effects
A: horns 2, retaliatory headbutt
a: Renounce Religion, Potion Petition, Call Merchant, Bribe Branch


You were on level 5 of the Dungeon.
You worshipped Gozag.
Gozag was aware of your devotion.
You visited 1 branch of the dungeon, and saw 5 of its levels.

You collected 412 gold pieces.
You paid 36 gold pieces to Gozag.

Inventory:

Hand Weapons
 b - a +0 war axe
 d - a +7 dagger of speed
 n - a +1 dagger of electrocution
 o - a +0 sling
 u - the +8 dagger of Destiny {vorpal, rPois rN+ Str-4}
   (You found it on level 4 of the Dungeon)

   It inflicts extra damage upon your enemies.
   Str:       It affects your strength (-4).
   rPois:     It protects you from poison.
   rN:        It protects you from negative energy.
Missiles
 f - 5 javelins
 p - 4 boomerangs (quivered)
 w - 2 poisoned darts
Armour
 a - a +0 scale mail (worn)
 c - a +0 buckler (worn)
 j - a +0 cloak (worn)
 v - the +0 robe of Jigehis {Dex+6 SInv}
   (You found it on level 4 of the Dungeon)

   Dex:       It affects your dexterity (+6).
   SInv:      It lets you see invisible.
Jewellery
 m - a ring of protection from cold (left hand)
 q - a +6 ring of strength (right hand)
Scrolls
 e - 4 scrolls of identify {unknown}
 g - a scroll of summoning {unknown}
 i - 2 scrolls of blinking {unknown}
 k - a scroll of poison {unknown}
 l - 6 scrolls of teleportation {unknown}
 s - a scroll of immolation {unknown}
 y - a scroll of vulnerability {unknown}
 A - a scroll of amnesia {unknown}
Potions
 h - 2 potions of flight {unknown}
 r - 3 potions of heal wounds
 t - a potion of invisibility {unknown}
 x - a potion of curing
 z - a potion of haste {unknown}


   Skills:
 + Level 5.6 Fighting
 - Level 3.5 Axes
 + Level 0.1 Throwing
 + Level 5.8 Armour
 + Level 0.1 Dodging
 - Level 5.0 Shields
 * Level 5.0 Unarmed Combat


You had 6 spell levels left.
You didn't know any spells.
Your spell library contained the following spells:

 Spells                   Type           Power      Damage    Failure   Level
 Freeze                   Ice            0%         1d3       82%         1
 Frozen Ramparts          Ice            0%         1d1       99%         3
 Portal Projectile        Hex/Tloc       0%         N/A       99%         3
 Tukima's Dance           Hex            0%         N/A       99%         3
 Hailstorm                Conj/Ice       0%         3d3       100%        4
 Blade Hands              Tmut           0%         N/A       100%        5


Dungeon Overview and Level Annotations

Branches:
Dungeon (5/15)
 Temple: D:4-7

Altars:
Cheibriados
Dithmenos
Gozag
Qazlal
Vehumet
Wu Jian

Shops:
D:1 (   D:2 (


Innate Abilities, Weirdness & Mutations

You have a pair of horns on your head.
You reflexively headbutt those who attack you in melee.


Message History

There is an open door here.
Found a stone staircase leading up.
Found a stone staircase leading down.
z - a cyan potion
r - 3 potions of heal wounds (gained 1)
You now have 376 gold pieces (gained 12).
l - 6 scrolls labelled HUARIASTRIA (gained 1)
A wyvern comes into view.
You see here a scroll labelled MIGEIN ACWUILO.
A - a scroll labelled MIGEIN ACWUILO You block the wyvern's attack.
The wyvern bites you.
You hit the wyvern.
The wyvern is lightly wounded.
The wyvern bites you but does no damage.
You closely miss the wyvern.
The wyvern is lightly wounded.
The wyvern bites you!
You punch the wyvern! You headbutt the wyvern!
The wyvern is severely wounded.
The wyvern bites you but does no damage.
The wyvern bites you!
You hit the wyvern. Your headbutt misses the wyvern.
The wyvern is almost dead.
You block the wyvern's attack.
You hit the wyvern.
The wyvern is almost dead.
The wyvern bites you. The wyvern bites you!
* * * LOW HITPOINT WARNING * * *
You are too injured to fight recklessly!
You hit the wyvern.
The wyvern is almost dead.
The wyvern bites you.
* * * LOW HITPOINT WARNING * * *
You closely miss the wyvern.
The wyvern is almost dead.
The wyvern bites you!
* * * LOW HITPOINT WARNING * * *
The wyvern bites you!
You die...
Your body crumbles into a pile of gold.

##..#..## ##
###..###..###..
## ##..###
##..#...
#.##..##
##..#..
##...### ##..##
#...## ##..#
#...## ##..
#....## ##.
#..@..# ##
#...l.## #
#.....# #....##
##..## #.. #
##. .> #. .. ..


You could see a wyvern.

Vanquished Creatures
  Grinder (D:3)
  Menkaure (D:4)
  A scorpion (D:3)
  A jelly (D:5)
  An iguana (D:2)
  Ijyb (D:4)
  Natasha (thrice) (D:4)
  Robin (D:3)
  3 adders
  3 worms
  2 dart slugs
  2 orcs
  3 bats
  8 endoplasms
  4 giant cockroaches
  18 goblins
  11 hobgoblins
  6 jackals
  9 kobolds
  4 quokkas (D:1)
  11 ball pythons
  2 frilled lizards
  11 rats
107 creatures vanquished.

Notes
Turn   | Place    | Note
-------+----------+-------------------------------------------
     0 | D:1      | sankara the Minotaur Fighter began the quest for the Orb.
     0 | D:1      | Reached XP level 1. HP: 19/19 MP: 0/0
   284 | D:1      | Reached XP level 2. HP: 7/27 MP: 1/1
   730 | D:1      | Reached XP level 3. HP: 33/33 MP: 2/2
   989 | D:1      | Found Ziyvi's Antique Weapon Boutique.
  1324 | D:2      | Found an ornate altar of the Wu Jian Council.
  1367 | D:2      | Found Ukuzawk's Weapon Boutique.
  1791 | D:2      | Reached skill level 1 in Unarmed Combat
  1791 | D:2      | Reached XP level 4. HP: 39/40 MP: 3/3
  2396 | D:3      | Noticed Robin
  2446 | D:3      | Killed Robin
  2475 | D:3      | Reached XP level 5. HP: 29/47 MP: 4/4
  2758 | D:3      | Noticed Grinder
  2768 | D:3      | Killed Grinder
  2769 | D:3      | Reached skill level 5 in Armour
  2769 | D:3      | Reached skill level 5 in Shields
  2769 | D:3      | Reached XP level 6. HP: 29/55 MP: 5/5
  2949 | D:3      | Reached skill level 5 in Fighting
  2985 | D:3      | Found a snail-covered altar of Cheibriados.
  3057 | D:3      | Found an opulent altar of Gozag.
  3058 | D:3      | Found a stormy altar of Qazlal.
  3070 | D:3      | Became a worshipper of Gozag Ym Sagoz the Greedy
  3276 | D:4      | Noticed Natasha
  3291 | D:4      | Killed Natasha
  3408 | D:4      | Noticed Natasha
  3415 | D:4      | Killed Natasha
  3421 | D:4      | Identified the +8 dagger of Destiny {vorpal, rPois rN+
                  | Str-4}
  3421 | D:4      | Noticed Menkaure
  3431 | D:4      | Killed Menkaure
  3432 | D:4      | Reached XP level 7. HP: 39/61 MP: 6/6
  3604 | D:4      | Found a shadowy altar of Dithmenos.
  3653 | D:4      | Identified the +0 robe of Jigehis {Dex+6 SInv}
  3668 | D:4      | Noticed Ijyb
  3684 | D:4      | Killed Ijyb
  3973 | D:4      | Noticed Natasha
  3985 | D:4      | Killed Natasha
  4366 | D:5      | Entered Level 5 of the Dungeon
  4373 | D:5      | Reached skill level 5 in Unarmed Combat
  4428 | D:5      | Found a radiant altar of Vehumet.
  4637 | D:5      | Noticed a wyvern
  4647 | D:5      | Mangled by a wyvern

Illustrated notes

Levels and vault maps discovered:
D:1:      matt_arrival_los_fun, layout_loops_corners, serial_shops, shop,
          chequers_arboretum
D:2:      layout_loops_ring, serial_shops, nicolae_shop_bloodbath_and_beyond,
          basic_altar
D:3:      layout_rooms, lemuel_coloured_pillars_altar,
          gammafunk_temple_overflow_pools, uniq_robin, uniq_grinder
D:4:      layout_rooms, mainiacjoe_overflow_six_doors_small,
          minmay_goblin_kobold_house, uniq_natasha, uniq_ijyb, uniq_menkaure
D:5:      layout_cave_pods, worldfamousw_hep_ancestral_shrine,
          nicolae_vehumet_altar_sigil, biasface_ghost_orc_armoury

Skill      XL: |  1  2  3  4  5  6  7 |
---------------+----------------------+-----
Axes           | 3 |  3.5
Armour         | 4 5 |  5.8
Fighting       | 4 5 |  5.6
Shields        | 4 5 |  5.0
Unarmed Combat | 1 2 3 4 5 |  5.0
Throwing       | |  0.1
Dodging        | |  0.1

Action                   |  1- 3 |  4- 6 |  7- 9 || total
-------------------------+-------+-------+-------++-------
Melee: War axe           |    84 |       |       ||    84
       Headbutt          |    12 |    35 |     8 ||    55
       Unarmed           |     2 |   148 |    58 ||   208
  Use: Potion            |       |       |     1 ||     1
Armor: Scale mail        |    30 |    44 |    19 ||    93
Dodge: Dodged            |    28 |    64 |    13 ||   105
Block: Buckler           |    27 |    29 |    13 ||    69
